 Dungeon Crawl Stone Soup version 0.28.0-53-g5a82cb258f (webtiles) character file.

Game seed: 801449790416210172

173 jiml777 the Magician (level 5, -7/28 HPs)
             Began as a Deep Elf Air Elementalist on June 15, 2022.
             Killed by divine providence
             ... invoked by an orc priest
              (11 damage)
             ... on level 3 of the Dungeon.
             The game lasted 00:11:33 (2670 turns).

jiml777 the Magician (Deep Elf Air Elementalist)    Turns: 2670, Time: 00:11:34

Health: -7/28      AC:  2    Str:  5    XL:     5   Next: 28%
Magic:  11/13      EV: 13    Int: 22    God:
Gold:   141        SH:  0    Dex: 21    Spells: 11/12 levels left

rFire   . . .      SeeInvis .   h - +0 whip (elec)
rCold   . . .      Faith    .   (no shield)
rNeg    . . .      Spirit   .   a - +0 robe
rPois   .          Reflect  .   (no helmet)
rElec   .          Harm     .   (no cloak)
rCorr   .          Rampage  .   (no gloves)
Will    .....                   (no boots)
Stlth   +++.......              (no amulet)
HPRegen 0.09/turn               i - +6 ring of dexterity
MPRegen 0.13/turn               (no ring)

@: no status effects
A: no striking features
a: no special abilities


You were on level 3 of the Dungeon.
You visited 1 branch of the dungeon, and saw 3 of its levels.

You collected 141 gold pieces.

Inventory:

Hand Weapons
 e - a +0 short sword
 h - a +0 whip of electrocution (weapon)
 n - a +0 dagger of venom
 q - a +2 dagger of speed
Missiles
 d - 81 stones
 o - 8 poisoned darts
Armour
 a - a +0 robe (worn)
Jewellery
 i - a +6 ring of dexterity (left hand)
 m - a ring of fire
Wands
 j - a wand of iceblast (6)
Scrolls
 b - a scroll of blinking {unknown}
 c - a scroll of amnesia {unknown}
 g - a scroll of teleportation {unknown}
 k - a scroll of noise {unknown}
 l - a scroll of vulnerability {unknown}
 p - a scroll of identify {unknown}
 r - a scroll of magic mapping {unknown}
Potions
 f - a potion of resistance {unknown}


   Skills:
 * Level 0.5 Maces & Flails
 + Level 3.1 Dodging
 + Level 3.4 Stealth
 - Level 0.6 Unarmed Combat
 + Level 4.4 Spellcasting
 + Level 1.6 Conjurations
 + Level 4.2 Air Magic


You had 11 spell levels left.
You knew the following spells:

 Your Spells              Type           Power      Damage    Failure   Level
a - Shock                 Conj/Air       68%        1d7       3%          1

Your spell library contained the following spells:

 Spells                   Type           Power      Damage    Failure   Level
 Static Discharge         Conj/Air       17%        N/A       4%          2
 Swiftness                Air            23%        N/A       5%          3
 Airstrike                Air            11%        N/A       19%         4
 Portal Projectile        Hex/Tloc       8%         N/A       32%         3
 Blade Hands              Tmut           2%         N/A       96%         5
 Excruciating Wounds      Necr           2%         N/A       96%         5


Dungeon Overview and Level Annotations

Branches:
Dungeon (3/15)

Altars:
Qazlal


Message History

A jackal comes into view.
The orc priest invokes the aid of Beogh against you.
Beogh smites you!
* * * LOW HITPOINT WARNING * * *
The orc priest casts a cantrip, but nothing happens.
The orc priest calls upon Beogh to heal something.
You hear a bark!
Things that are here:
a +0 dagger; a jackal skeleton; a jackal skeleton You start resting.
An orc priest is nearby!
You see here a +0 hunting sling.
Casting: Shock (safe; 3% risk of failure)
Confirm with . or Enter, or press ? or * to list all spells.
Aiming: Shock (safe; 3% risk of failure)
Press: ? - help, Shift-Dir - straight line, f/p - orc priest
Aim: an orc priest, wielding a +0 dagger and wearing a +0 ring mail (lightly wounded, 75% to hit)
The zap misses the orc priest.
Casting: Shock (safe; 3% risk of failure)
Confirm with . or Enter, or press ? or * to list all spells.
Aiming: Shock (safe; 3% risk of failure)
Press: ? - help, Shift-Dir - straight line, f/p - orc priest
Aim: an orc priest, wielding a +0 dagger and wearing a +0 ring mail (lightly wounded, 75% to hit)
The zap hits the orc priest.
The orc priest is lightly wounded.
An orc priest is nearby!
You see here a +0 hunting sling.
An orc priest is nearby!
The orc priest hits you with a +0 dagger.
* * * LOW HITPOINT WARNING * * *
You closely miss the orc priest.
The orc priest is lightly wounded.
The orc priest hits you with a +0 dagger.
* * * LOW HITPOINT WARNING * * *
You closely miss the orc priest.
You punch the orc priest, but do no damage.
The orc priest is lightly wounded.
The orc priest mumbles some strange prayers to Beogh against you.
Beogh smites you!
You die...

#.#..#.# #.##'##...#
#.#..#.##########.........#
#.#.<#........o...........#
#.#.#######...#...........#
#.#...........+.......รท....
#.########....#............
#..........##.#............
#########.o##.#...###..##.#
#.@##.#...# ##.##.#
#.)##.#...# #.##.#
#..##.#...# #.##'# #[.#
.##### #.#...
####..##+###### #.....
#.....#.......####....
######.....#.........##....
#..........#....)....###...
#.#.####.....#....#....#
#.>.


You could see an orc priest.

Vanquished Creatures
  A hound (D:2)
  An orc priest (D:3)
  An orc wizard (D:3)
  3 gnolls (D:2)
  An adder (D:3)
  A dart slug (D:3)
  3 orcs (D:3)
  3 ball pythons
  3 endoplasms
  A giant cockroach (D:3)
  4 goblins
  6 hobgoblins
  3 jackals (D:3)
  4 kobolds
  A quokka (D:2)
  4 bats
  5 frilled lizards
45 creatures vanquished.

Notes
Turn   | Place    | Note
-------+----------+-------------------------------------------
     0 | D:1      | jiml777 the Deep Elf Air Elementalist began the quest for
                  | the Orb.
     0 | D:1      | Reached XP level 1. HP: 10/10 MP: 6/6
   455 | D:1      | Reached XP level 2. HP: 15/15 MP: 4/8
   966 | D:2      | Reached XP level 3. HP: 9/19 MP: 2/10
  1258 | D:2      | Found a stormy altar of Qazlal.
  1697 | D:3      | Reached XP level 4. HP: 7/24 MP: 4/12
  1940 | D:3      | Reached XP level 5. HP: 21/28 MP: 5/13
  2670 | D:3      | Killed from afar by an orc priest

Illustrated notes

Levels and vault maps discovered:
D:1:      minmay_arrival_arboretum_small, layout_basic
D:2:      layout_basic, basic_altar
D:3:      layout_basic

Skill      XL: |  1  2  3  4 |
---------------+-------------+-----
Stealth        | 3 |  3.4
Spellcasting   | 4 |  4.4
Air Magic      | 4 |  4.2
Dodging        | 3 |  3.1
Maces & Flails | |  0.5
Unarmed Combat | |  0.6
Conjurations   | |  1.6

Action                   |  1- 3 |  4- 6 || total
-------------------------+-------+-------++-------
Melee: Unarmed           |     5 |       ||     5
       Whip              |     4 |    37 ||    41
       Punch             |       |     3 ||     3
 Cast: Shock             |    43 |    22 ||    65
 Stab: Sleeping          |     1 |     2 ||     3
Armor: Robe              |     5 |     9 ||    14
Dodge: Dodged            |    15 |    36 ||    51
